 Dungeon Crawl Stone Soup version 0.30.1-11-g7821555f0a (webtiles) character file.

Game seed: 16628551136011051432

26 Scypho the Changer (level 3, -3/26 HPs)
             Began as a Merfolk Transmuter on Dec 15, 2023.
             Slain by a gnoll
             ... wielding a +3 spear
              (11 damage)
             ... on level 2 of the Dungeon.
             The game lasted 00:05:41 (1126 turns).

Scypho the Changer (Merfolk Transmuter)             Turns: 1126, Time: 00:05:41

Health: -3/26      AC:  4    Str: 10    XL:     3   Next: 8%
Magic:  7/7        EV: 12    Int: 14    God:
Gold:   116        SH:  0    Dex: 14    Spells: 6/7 levels left

rFire   . .          .
                       - Unarmed
rCold   . . .        (no shield)
rNeg    . . .        a - +0 robe
rPois   .            f - +0 helmet
rElec   .            (no cloak)
rCorr   .            h - +0 pair of gloves
SInv    .            (no boots)
Will    .....        c - amulet of magic regeneration
Stlth   +            (no ring)
HPRegen 0.24/turn    (no ring)
MPRegen 0.50/turn

%: no passive effects
@: no status effects
A: (nimble swimmer 2), mertail
a: no special abilities


You were on level 2 of the Dungeon.
You visited 1 branch of the dungeon, and saw 2 of its levels.

You collected 116 gold pieces.

Inventory:

Armour
 a - a +0 robe (worn)
 f - a +0 helmet (worn)
 h - a +0 pair of gloves (worn)
Jewellery
 c - an amulet of magic regeneration (around neck)
Scrolls
 d - 2 scrolls of blinking {unknown}
 e - a scroll of fear {unknown}
Potions
 b - a potion of lignification
 g - 2 potions of haste {unknown}


   Skills:
 - Level 1.1 Fighting
 - Level 2.6 Dodging
 * Level 3.2 Unarmed Combat
 - Level 2.8 Spellcasting
 - Level 3.6 Transmutations


You had 6 spell levels left.
You knew the following spells:

 Your Spells              Type           Power      Damage    Failure   Level
a - Beastly Appendage     Tmut           24%        N/A       4%          1

Your spell library contained the following spells:

 Spells                   Type           Power      Damage    Failure   Level
 Wereblood                Tmut           12%        N/A       8%          2
 Spider Form              Tmut/Pois      7%         N/A       30%         3
 Ice Form                 Ice/Tmut       7%         N/A       71%         4


Dungeon Overview and Level Annotations

Branches:
Dungeon (2/15)

Altars:


Innate Abilities, Weirdness & Mutations

((You are very nimble when in or above water. (Stealth+, EV+, Speed+++)))
Your lower body shifts to a powerful aquatic tail in water.


Message History

You kill the gnoll!
Training target 3.6 for Transmutations reached!
You have reached level 3!
Your experience leads to an increase in your attributes!
Increase (S)trength, (I)ntelligence, or (D)exterity?
You feel clever. x2
A gnoll comes into view. It is wielding a +3 spear.
The gnoll moves out of view.
You see here a +1 whip of venom.
Memorise Wereblood, consuming 2 spell levels and leaving 4?
Okay, then.
A gnoll and an adder come into view.
Your transformation is almost over.
The gnoll shouts!
The adder hisses angrily.
You see here a +1 whip of venom.
Memorise Wereblood, consuming 2 spell levels and leaving 4?
You start memorising the spell.
You continue memorising.
The adder closely misses you.
You continue memorising.
The adder closely misses you.
The gnoll hits you from afar with a +3 spear.
Your memorisation is interrupted.
The adder bites you.
You don't know that spell.
You hit the adder but do no damage. Your headbutt misses the adder.
The gnoll hits you from afar with a +3 spear.
The adder bites you.
You closely miss the adder. Your headbutt misses the adder.
The gnoll barely misses you. The adder bites you.
You closely miss the adder.
Your horns disappear.
Your +0 helmet unmelds from your body.
The adder bites you.
The gnoll hits you from afar with a +3 spear.
* * * LOW HITPOINT WARNING * * *
You hit the adder. The adder bites you but does no damage.
The gnoll hits you from afar with a +3 spear.
* * * LOW HITPOINT WARNING * * *
The adder bites you but does no damage.
You closely miss the adder.
The gnoll hits you from afar with a +3 spear!
You die...

.... .. .... #...#.
...# #...#. #..#
.#.....#####..#
.....g........###.#.
.....S..g...........
.....#.#g###<.###+#.
##. #.#S# #..# #.#@#
#..# ..#.# ...#
..#.# #.## .#.#.#
<.. .#.#.# ... #.#
### #.# ..#


You could see 2 gnolls and an adder.

Vanquished Creatures
  A gnoll (D:2)
  A ball python (D:1)
  A bat (D:1)
  An endoplasm (D:1)
  A goblin (D:1)
  2 hobgoblins (D:1)
  2 kobolds (D:1)
  4 quokkas (D:1)
  A rat (D:1)
14 creatures vanquished.

Notes
Turn   | Place    | Note
-------+----------+-------------------------------------------
     0 | D:1      | Scypho the Merfolk Transmuter began the quest for the Orb.
     0 | D:1      | Reached XP level 1. HP: 15/15 MP: 3/3
   460 | D:1      | Reached XP level 2. HP: 21/21 MP: 5/5
  1112 | D:2      | Reached XP level 3. HP: 26/26 MP: 7/7
  1126 | D:2      | Slain by a gnoll

Illustrated notes

Levels and vault maps discovered:
D:1:      minmay_arrival_open_corners, layout_loops_ring
D:2:      layout_basic, reono_crystal_passage

Skill      XL: |  1 |
---------------+----+-----
Transmutations | 3 |  3.6
Fighting       | |  1.1
Dodging        | |  2.6
Unarmed Combat | |  3.2
Spellcasting   | |  2.8

Action                     || total
---------------------------++-------
  Melee: Unarmed           ||    55
         Headbutt          ||    11
   Cast: Beastly Appendage ||    10
   Stab: Sleeping          ||     2
 Armour: Robe              ||     8
  Dodge: Dodged            ||    25
